 Dungeon Crawl Stone Soup version 0.26-a0-572-g753d7e3450 (webtiles) character file.

Game seed: 1422802241970411601

9457 GeoCrane the Spear-Bearer (level 11, -2/102 HPs)
             Began as a Minotaur Fighter on Aug 21, 2020.
             Was a High Priest of Okawaru.
             Slain by an ice beast (9 damage)
             ... summoned by Fannar
             ... on level 11 of the Dungeon.
             The game lasted 01:11:57 (10080 turns).

GeoCrane the Spear-Bearer (Minotaur Fighter)       Turns: 10080, Time: 01:12:00

Health: -2/102     AC:  9    Str: 23    XL:     11   Next: 23%
Magic:  10/10      EV:  7    Int:  5    God:    Okawaru [*****.]
Gold:   982        SH: 13    Dex: 17    Spells: 10/10 levels left

rFire    . . .     SeeInvis .   h - +3 trident (freeze)
rCold    . . .     Faith    .   c - +1 kite shield
rNeg     . . .     Spirit   .   e - +0 chain mail
rPois    +         Reflect  .   (helmet restricted)
rElec    .         Harm     .   (no cloak)
rCorr    .                      (no gloves)
MR       .....                  (no boots)
Stlth    ..........             z - amulet of regeneration
HPRegen  0.67/turn              y - +6 ring of dexterity
MPRegen  0.12/turn              v - ring of poison resistance

@: mighty, drained
A: retaliatory headbutt, horns 2
a: Heroism, Finesse, Renounce Religion


You were on level 11 of the Dungeon.
You worshipped Okawaru.
Okawaru was extremely pleased with you.
You visited 2 branches of the dungeon, and saw 12 of its levels.

You collected 982 gold pieces.

Inventory:

Hand Weapons
 h - a +3 trident of freezing (weapon)
 u - a +0 vorpal spear
 I - a +3 halberd
Missiles
 F - 2 throwing nets (quivered)
Armour
 b - a +0 scale mail
 c - a +1 kite shield (worn)
 e - a +0 chain mail (worn)
 i - a +0 ring mail
Jewellery
 p - an uncursed ring of flight
 v - a ring of poison resistance (right hand)
 w - an uncursed ring of positive energy
 y - a +6 ring of dexterity (left hand)
 z - an amulet of regeneration (around neck)
 H - an uncursed ring of poison resistance
Wands
 C - a wand of flame (11)
Scrolls
 f - 3 scrolls of teleportation
 g - 3 scrolls of amnesia
 k - 5 scrolls of enchant armour
 m - a scroll of fog
 r - 6 scrolls of identify
 t - a scroll of magic mapping
Potions
 a - 2 potions of lignification {unknown}
 d - a potion of might
 j - 3 potions of haste
 l - 5 potions of brilliance
 n - 2 potions of mutation
 o - 6 potions of curing
 q - a potion of resistance
 x - 2 potions of cancellation
 A - 2 potions of flight {unknown}
 B - a potion of heal wounds {unknown}
 D - a potion of berserk rage {unknown}
 E - a potion of stabbing {unknown}


   Skills:
 + Level 11.3(10.6) Fighting
 - Level 14.0(13.2) Polearms
 + Level 2.2(1.6) Throwing
 * Level 5.8(5.2) Armour
 + Level 10.1(9.4) Shields


You had 10 spell levels left.
You didn't know any spells.
Your spell library contained the following spells:

 Spells                   Type           Power        Failure   Level
 Sting                    Tmut/Pois      #...         100%        1
 Poisonous Vapours        Pois/Air       #.....       100%        2
 Ignite Poison            Fire/Tmut/Pois #.......     100%        3
 Mephitic Cloud           Conj/Pois/Air  #.......     100%        3
 Cause Fear               Hex            #.........   100%        4
 Olgreb's Toxic Radiance  Pois           #.......     100%        4
 Silence                  Hex/Air        #.........   100%        5
 Yara's Violent Unravell  Hex/Tmut       #.........   100%        5
 Discord                  Hex            #.........   100%        8


Dungeon Overview and Level Annotations

Branches:
Dungeon (11/15)            Temple (1/1) D:5
   Lair: D:8-11         Orc: D:9-12

Altars:
Ashenzari
Cheibriados
Dithmenos
Elyvilon
Fedhas
Gozag
Hepliaklqana
Kikubaaqudgha
Makhleb
Nemelex Xobeh
Okawaru
Qazlal
Ru
Sif Muna
Trog
Uskayaw
Vehumet
Wu Jian
Xom
Yredelemnul
Zin
The Shining One

Shops:
D:9 }   D:10 (

Annotations:
D:7 2 transporters, dogbrainedIDIOT's ghost, novice TrCj
D:8 1 exclusion
D:10 Hydra
D:11 Fannar


Innate Abilities, Weirdness & Mutations

You reflexively headbutt those who attack you in melee.
You have a pair of horns on your head.


Message History

* * * LOW HITPOINT WARNING * * *
You puncture Fannar! You headbutt Fannar!
Fannar is heavily wounded.
You block the ice beast's attack.
The ice beast hits you but does no damage.
You impale Fannar!!
Fannar is severely wounded.
Fannar casts a spell.
Fannar drains the heat from the surrounding environment!
You feel very cold.
* * * LOW HITPOINT WARNING * * *
Fannar is frozen.
Fannar resists.
The ice beast hits you but does no damage.
You feel better. The ice beast barely misses you.
Fannar hits you but does no damage. Fannar freezes you!
* * * LOW HITPOINT WARNING * * *
The ice beast hits you.
* * * LOW HITPOINT WARNING * * *
The ice beast freezes you!
You die...

..........#############.....#....
......(...#.................#....
#####.....#.................#)...
....#.....#.................#####
....#.....#.................#....
....#.....########..........#....
....#.....#......#..........#....
....#...e.#......######.....#....
....#..YY.#....e@Y...†......#....
....#..Y..#......Y...†#######....
....#.....#.........†.#.....#####
....#...YY#...........#.....#
....#.....#........(..#.....#
....#....$########....#.....#....
....#..(.....Y........#.....#....
....#...............(.#.....#....
....#..........$...(..#.....#....


You could see Fannar (icy armour) and 2 ice beasts.

Vanquished Creatures
  Harold (D:11)
  A two-headed ogre (D:8)
  Nergalle (D:11)
  A centaur zombie (D:10)
  3 hippogriffs
  Sigmund (D:2)
  8 yaks
  2 wraiths (D:10)
  A hog (D:8)
  Grum (D:10)
  2 water moccasins
  2 ice beasts
  5 black bears
  2 orc warriors
  A phantom (D:5)
  A necrophage (D:5)
  A sky beast (D:11)
  3 wolves (D:10)
  3 ogres
  5 centaurs
  7 bullfrogs
  2 scorpions
  14 wights
  2 howler monkeys
  A bullfrog zombie (D:5)
  5 hounds
  A quasit (D:9)
  2 centaur skeletons
  4 orc priests
  3 bullfrog skeletons
  A jelly (D:9)
  9 orc wizards
  4 iguanas
  8 worker ants
  2 hound skeletons
  Robin (D:2)
  A howler monkey zombie (D:9)
  A worker ant zombie (D:9)
  A howler monkey skeleton (D:10)
  8 adders
  2 shadow imps
  2 white imps
  An ooze (D:1)
  An adder skeleton (D:10)
  A worm (D:5)
  3 dart slugs
  8 leopard geckos
  29 orcs
  4 giant cockroaches
  16 goblins
  10 hobgoblins
  5 jackals
  2 quokkas
  A ball python (D:3)
  6 bats
  5 frilled lizards
  A jackal skeleton (D:4)
  A jackal zombie (D:6)
  8 kobolds
  7 rats
235 creatures vanquished.

Vanquished Creatures (others)
  34 plants (D:8)
34 creatures vanquished.

Grand Total: 269 creatures vanquished

Notes
Turn   | Place    | Note
-------+----------+-------------------------------------------
     0 | D:1      | GeoCrane the Minotaur Fighter began the quest for the Orb.
     0 | D:1      | Reached XP level 1. HP: 19/19 MP: 0/0
    72 | D:1      | Reached XP level 2. HP: 27/27 MP: 1/1
   424 | D:2      | Reached skill level 3 in Polearms
   566 | D:2      | Reached XP level 3. HP: 33/33 MP: 2/2
   623 | D:2      | Noticed Sigmund
   631 | D:2      | Killed Sigmund
   631 | D:2      | Reached skill level 5 in Fighting
   631 | D:2      | Reached skill level 5 in Polearms
   631 | D:2      | Reached XP level 4. HP: 42/42 MP: 3/3
   631 | D:2      | Reached XP level 5. HP: 48/48 MP: 4/4
   741 | D:2      | Noticed Robin
   745 | D:2      | Killed Robin
   928 | D:2      | Found a glowing golden altar of the Shining One.
  1062 | D:3      | Found a glowing silver altar of Zin.
  1062 | D:3      | Noticed an angel
  1088 | D:3      | Reached skill level 6 in Polearms
  1233 | D:3      | Reached XP level 6. HP: 56/56 MP: 5/5
  1541 | D:3      | Noticed an ice beast
  1549 | D:3      | Killed an ice beast
  1579 | D:3      | Reached skill level 7 in Polearms
  2293 | D:3      | Reached XP level 7. HP: 62/63 MP: 6/6
  2605 | D:4      | Found an iron altar of Okawaru.
  2607 | D:4      | Found a blossoming altar of Fedhas.
  2610 | D:4      | Found a bloodstained altar of Trog.
  2614 | D:4      | Became a worshipper of Warmaster Okawaru
  2682 | D:5      | Entered Level 5 of the Dungeon
  2785 | D:5      | Reached skill level 8 in Polearms
  2848 | D:5      | Found a staircase to the Ecumenical Temple.
  2859 | Temple   | Entered the Ecumenical Temple
  2980 | D:5      | Reached * piety under Okawaru
  3162 | D:5      | Reached skill level 9 in Polearms
  3162 | D:5      | Reached XP level 8. HP: 52/73 MP: 7/7
  3478 | D:5      | Reached skill level 5 in Shields
  4062 | D:6      | Reached ** piety under Okawaru
  4086 | D:6      | Found a sparkling altar of Nemelex Xobeh.
  4333 | D:6      | Reached skill level 10 in Polearms
  4438 | D:6      | Found a shimmering blue altar of Sif Muna.
  4828 | D:7      | Found a transporter.
  4831 | D:7      | Noticed dogbrainedIDIOT's ghost (novice TrCj)
  4848 | D:7      | Found a transporter.
  5241 | D:7      | Noticed a hippogriff
  5246 | D:7      | Killed a hippogriff
  5376 | D:7      | Reached XP level 9. HP: 53/82 MP: 8/8
  5810 | D:8      | Reached skill level 11 in Polearms
  5831 | D:7      | Reached *** piety under Okawaru
  6044 | D:8      | Reached skill level 12 in Polearms
  6095 | D:8      | Noticed a two-headed ogre
  6104 | D:8      | Killed a two-headed ogre
  6104 | D:8      | Reached **** piety under Okawaru
  6160 | D:8      | Reached XP level 10. HP: 92/92 MP: 9/9
  6586 | D:9      | Reached skill level 10 in Fighting
  6664 | D:9      | Reached skill level 13 in Polearms
  6746 | D:9      | Found Wiash's Gadget Boutique.
  7059 | D:9      | Found a stormy altar of Qazlal.
  7380 | D:10     | Entered Level 10 of the Dungeon
  7447 | D:10     | Noticed Grum
  7486 | D:10     | Killed Grum
  7566 | D:10     | Found Upnyfyrar's Weapon Shop.
  7662 | D:10     | Reached ***** piety under Okawaru
  8026 | D:10     | Reached skill level 14 in Polearms
  8464 | D:11     | Noticed a six-headed hydra
  9172 | D:11     | Noticed Harold
  9181 | D:11     | Killed Harold
  9181 | D:11     | Reached skill level 1 in Throwing
  9181 | D:11     | Reached XP level 11. HP: 59/102 MP: 10/10
  9475 | D:11     | Noticed Nergalle
  9518 | D:11     | Killed Nergalle
  9518 | D:11     | Reached skill level 5 in Armour
  9518 | D:11     | Reached skill level 10 in Shields
  9709 | D:11     | Noticed Fannar
 10080 | D:11     | Slain by an ice beast

Illustrated notes

Levels and vault maps discovered:
D:1:      ebering_trefoil_3fold, layout_basic
D:2:      layout_loops_ring, tso_altar, uniq_sigmund, uniq_robin
D:3:      layout_loops_ring, zin_angel, serial_co_window_serial,
          co_window_paths_a, co_window_corner_a, co_window_paths_b,
          co_window_of_opportunity_a, co_window_paths_a, co_window_corner_b,
          co_window_of_opportunity_c, co_window_corner_b, co_window_broadway_b,
          co_window_cross_2, co_window_2corner, co_window_2corner,
          co_window_paths_e
D:4:      layout_basic, grunt_temple_overflow_open, minmay_small_thing
D:5:      layout_cave_pods, minmay_temple_entry_proselytizer
D:6:      layout_loops_ring, overflow_temple_1_default,
          nemelex_xobeh_ov_fountains_minmay
D:7:      layout_basic, gammafunk_ghost_stat_death
D:8:      kennysheep_town
D:9:      layout_long_grid, lemuel_crystal_altar, serial_shops,
          nicolae_shop_waterfront
D:10:     layout_gridville, serial_shops, shop, uniq_grum
D:11:     layout_grid_maze, grunt_ministairs_14, uniq_harold, uniq_nergalle,
          uniq_fannar
Temple:   jpeg_temple_clearing

Skill      XL: |  1  2  3  4  5  6  7  8  9 10 11 |
---------------+----------------------------------+-----
Polearms       | 3 5 6 7 9 10 12 14 | 14.0
Fighting       | 4 5 6 7 8 9 11 | 11.3
Shields        | 4 6 8 9 10 | 10.1
Armour         | 4 5 |  5.8
Throwing       | 1 2 |  2.2

Action                   |  1- 3 |  4- 6 |  7- 9 | 10-12 || total
-------------------------+-------+-------+-------+-------++-------
Melee: Trident           |    75 |   138 |   177 |    95 ||   485
       Headbutt          |     8 |    17 |    56 |   100 ||   181
       Spear             |       |       |   105 |   314 ||   419
Throw: Dart              |     6 |     4 |    16 |    65 ||    91
       Throwing net      |       |       |       |     3 ||     3
Invok: Heroism           |       |       |     1 |     3 ||     4
  Use: Scroll            |       |       |    16 |     6 ||    22
       Potion            |       |       |       |     3 ||     3
 Stab: Held in net/web   |       |       |       |     1 ||     1
Armor: Scale mail        |    19 |    37 |    25 |       ||    81
       Chain mail        |       |       |    34 |    80 ||   114
Dodge: Dodged            |     7 |    19 |    30 |    31 ||    87
Block: Kite shield       |    27 |    43 |    85 |   167 ||   322

Table legend: (Time is in decaauts)
 A = Elapsed time spent in this place.
 B = Non-inter-level travel time spent in this place.
 C = Inter-level travel time spent in this place.
 D = Time resting spent in this place.
 E = Time spent auto-exploring this place.
 F = Levels seen in this place.
 G = Mean time per level.
                   A        B        C        D        E       F      G
               +--------+--------+--------+--------+--------+-----+--------+
         Total |   9891 |   9434 |    457 |    810 |   6437 |  12 |  824.2 |
       Dungeon |   9805 |   9365 |    440 |    810 |   6370 |  11 |  891.4 |
        Temple |     85 |     68 |     17 |      0 |     67 |   1 |   85.0 |
               +--------+--------+--------+--------+--------+-----+--------+

Top non-repeatable levels by time:
     D:3: 1285 daAuts
     D:7: 1147 daAuts
     D:5: 1104 daAuts
    D:11: 1098 daAuts
     D:8: 1070 daAuts
    D:10: 985 daAuts
     D:6: 888 daAuts
     D:9: 800 daAuts
     D:2: 608 daAuts
     D:1: 413 daAuts
     D:4: 402 daAuts
  Temple: 85 daAuts
